 Dungeon Crawl Stone Soup version 0.22-a0-785-g6253c82ace (webtiles) character file.

95 Htamos the Ducker (level 4, -1/23 HPs)
             Began as a Spriggan Monk on July 20, 2018.
             Killed by divine providence
             ... invoked by an orc priest
              (11 damage)
             ... on level 2 of the Dungeon.
             The game lasted 00:04:22 (2769 turns).

Htamos the Ducker (Spriggan Monk)                   Turns: 2769, Time: 00:04:22

Health: -1/23      AC:  2    Str:  7    XL:     4   Next: 39%
Magic:  5/5        EV: 22    Int: 11    God:
Gold:   49         SH:  0    Dex: 19    Spells: 3/3 levels left

rFire    . . .     SeeInvis +   o - +0 rapier
rCold    . . .     Gourm    .   (shield restricted)
rNeg     . . .     Faith    .   b - +0 robe
rPois    .         Spirit   .   (helmet restricted)
rElec    .         Reflect  .   (no cloak)
rCorr    .         Harm     .   (gloves unavailable)
MR       .....                  (boots unavailable)
Stlth    +++.......             (no amulet)
HPRegen  0.07/turn              (no ring)
MPRegen  0.09/turn              (no ring)

@: very quick
A: very small, unfitting armour, see invisible, herbivore, speed 3, slow
metabolism 2
a: no special abilities


You were on level 2 of the Dungeon.
You were not hungry.

You visited 1 branch of the dungeon, and saw 3 of its levels.

You collected 49 gold pieces.

Inventory:

Hand Weapons
 a - a +0 short sword
 o - a +0 rapier (weapon)
 p - a +0 dagger
Missiles
 n - 8 javelins
Armour
 b - a +0 robe (worn)
Jewellery
 g - an uncursed ring of flight {unknown}
Scrolls
 e - 6 scrolls of identify {unknown}
 f - a scroll of magic mapping {unknown}
 h - a scroll of blinking {unknown}
 j - 2 scrolls of noise {unknown}
 l - a scroll of amnesia {unknown}
Potions
 d - a potion of mutation {unknown}
 k - a potion of magic {unknown}
 m - a potion of haste {unknown}
Comestibles
 c - 6 rations


   Skills:
 + Level 2.9 Fighting
 + Level 3.9 Short Blades
 * Level 5.9 Dodging
 + Level 4.2 Stealth


You had 3 spell levels left.
You didn't know any spells.
Your spell library was empty.

Dungeon Overview and Level Annotations

Branches:
Dungeon (3/15)

Altars:


Innate Abilities, Weirdness & Mutations

You are very small and have problems with some larger weapons.
You are too small for most types of armour.
You have supernaturally acute eyesight. (SInv)
You are a herbivore.
You cover ground extremely quickly.
You need to consume almost no food.


Message History

The orc priest invokes the aid of Beogh against you.
Beogh smites you!
Ouch! That really hurt!
* * * LOW HITPOINT WARNING * * *
You hit the orc priest but do no damage.
Okay, then.
Wield which item (- for none, * to show all)? (? for menu, Esc to quit)
o - a +0 rapier (weapon)
The orc priest completely misses you.
You hit the orc priest.
The orc priest is moderately wounded.
The orc priest miscasts a cantrip.
You barely miss the orc priest.
The orc priest is moderately wounded.
The orc priest barely misses you.
You closely miss the orc priest.
The orc priest is moderately wounded.
The orc priest calls down the wrath of Beogh upon you.
Beogh smites you!
You die...

##################
#...........o..r.#
#.##############.#
#o# #######[#
#####@# #..o.o.))
#.....# #.>..r...
#.##### #........
####.######
#........
#..).##.).#
#........
#.#####.#.#
#........
#.......#.#
#........
###.....#.#
#........
#.....#.#
#........


You could see an orc priest.

Vanquished Creatures
  An orc priest (D:2)
  2 adders (D:2)
  An ooze (D:1)
  A leopard gecko (D:1)
  An orc (D:2)
  2 giant cockroaches
  3 goblins
  10 hobgoblins
  7 kobolds
  7 bats
  3 frilled lizards
  4 rats
42 creatures vanquished.

Notes
Turn   | Place    | Note
-------+----------+-------------------------------------------
     0 | D:1      | Htamos the Spriggan Monk began the quest for the Orb.
     0 | D:1      | Reached XP level 1. HP: 11/11 MP: 2/2
   471 | D:1      | Reached XP level 2. HP: 16/16 MP: 3/3
   630 | D:1      | Reached skill level 5 in Dodging
   998 | D:1      | Reached XP level 3. HP: 11/19 MP: 4/4
  2592 | D:2      | Reached XP level 4. HP: 20/23 MP: 5/5
  2769 | D:2      | Killed from afar by an orc priest

Vault maps used:
D:1:      dpeg_arrival_chambers_temple_mockup, hex_tiny
D:2:      minmay_tromino_v4_b
D:3:      grunt_ministairs_13

Skill      XL: |  1  2  3 |
---------------+----------+-----
Dodging        | 5 |  5.9
Stealth        | 4 |  4.2
Fighting       | |  2.9
Short Blades   | |  3.9

Action                   |  1- 3 |  4- 6 || total
-------------------------+-------+-------++-------
Melee: Short sword       |   183 |       ||   183
       Dagger            |    29 |     5 ||    34
       Rapier            |     3 |     3 ||     6
  Use: Potion            |     2 |     1 ||     3
 Stab: Sleeping          |     3 |       ||     3
       Distracted        |     1 |     1 ||     2
Armor: Robe              |    18 |     1 ||    19
Dodge: Dodged            |   180 |    10 ||   190

Table legend:
 A = Spawn XP
 B = Non-spawn XP
 C = Spawn XP percentage of total XP
 D = Spawn monster count
 E = Non-spawn monster count
 F = Spawn count percentage of total count
 G = Total turns spent on level
                    A         B        C        D         E        F      G
               +---------+---------+-------+---------+---------+-------+---------
         Total |       0 |     136 |   0.0 |       0 |      42 |   0.0 |  2769
               +---------+---------+-------+---------+---------+-------+---------
           D:1 |       0 |      42 |   0.0 |       0 |      22 |   0.0 |  1189
           D:2 |       0 |      94 |   0.0 |       0 |      20 |   0.0 |  1575
               +---------+---------+-------+---------+---------+-------+---------
